 Dungeon Crawl Stone Soup version 0.28-a0-1638-g9123634e07 (webtiles) character file.

Game seed: 3471897652297218332

7252 wakim the Zephyrmancer (level 11, -7/67 HPs)
             Began as a Tengu Air Elementalist on Jan 25, 2022.
             Was a Follower of Sif Muna.
             Hit by a large rock thrown by a cyclops (31 damage)
             ... on level 9 of the Dungeon.
             The game lasted 00:42:34 (14010 turns).

wakim the Zephyrmancer (Tengu Air Elementalist)    Turns: 14010, Time: 00:42:35

Health: -7/67      AC:  5    Str:  9    XL:     11   Next: 12%
Magic:  7/16       EV: 18    Int: 26    God:    Sif Muna [*.....]
Gold:   206        SH:  0    Dex: 14    Spells: 4/16 levels left

rFire   . . .      SeeInvis .   b - +2 short sword (elec)
rCold   + . .      Faith    .   (no shield)
rNeg    . . .      Spirit   .   S - +2 robe {rC+}
rPois   +          Reflect  .   (helmet restricted)
rElec   .          Harm     .   x - scarf {+Inv}
rCorr   .          Rampage  .   V - +0 pair of gloves
Will    .....                   (boots unavailable)
Stlth   +++.......              R - amulet of magic regeneration
HPRegen 0.21/turn               Z - ring of poison resistance
MPRegen 0.55/turn               O - +6 ring of intelligence

@: flying quickly and evasively, quick
A: beak, talons 3, nimble flight
a: Renounce Religion, Evoke Invisibility, Channel Magic


You were on level 9 of the Dungeon.
You worshipped Sif Muna.
Sif Muna was aware of your devotion.
You visited 2 branches of the dungeon, and saw 10 of its levels.
You also visited: Ossuary.

You collected 353 gold pieces.
You spent 147 gold pieces at shops.

Inventory:

Hand Weapons
 a - a +2 short sword of freezing
 b - a +2 short sword of electrocution (weapon)
Armour
 x - a scarf of invisibility (worn)
 S - a +2 robe of cold resistance (worn)
 V - a +0 pair of gloves (worn)
Jewellery
 H - a ring of ice
 O - a +6 ring of intelligence (right hand)
 P - a ring of see invisible
 R - an amulet of magic regeneration (around neck)
 Y - a ring of protection from cold
 Z - a ring of poison resistance (left hand)
Wands
 v - a wand of flame (1)
 w - a wand of acid (16)
 y - a wand of paralysis (5)
 z - a wand of polymorph (13)
Scrolls
 u - a scroll of summoning {unknown}
 L - a scroll of amnesia
 Q - 2 scrolls of enchant armour
 T - a scroll of teleportation
 U - 4 scrolls of fear
 W - 3 scrolls of enchant weapon
 X - a scroll of fog
Potions
 A - a potion of ambrosia
 B - 2 potions of attraction {!q}
 C - 2 potions of berserk rage {!q}
 D - 3 potions of brilliance
 E - 3 potions of cancellation
 F - 4 potions of curing
 I - a potion of invisibility
 J - a potion of heal wounds
 K - a potion of magic
 M - 2 potions of mutation {!q}
 N - a potion of might
Miscellaneous
 G - a piece from Xom's chessboard (15/15)


   Skills:
 + Level 7.1 Fighting
 - Level 8.0 Dodging
 - Level 4.0 Stealth
 - Level 3.0 Spellcasting
 - Level 4.0 Conjurations
 - Level 14.0 Air Magic
 * Level 6.2 Invocations


You had 4 spell levels left.
You knew the following spells:

 Your Spells              Type           Power      Damage    Failure   Level
a - Shock                 Conj/Air       100%       1d9       1%          1
b - Airstrike             Air            33%        N/A       1%          4
d - Static Discharge      Conj/Air       50%        N/A       1%          2
s - Swiftness             Air            67%        N/A       1%          3
B - Blink                 Tloc           6%         N/A       14%         2

Your spell library contained the following spells:

 Spells                   Type           Power      Damage    Failure   Level
 Manifold Assault         Tloc           3%         N/A       95%         5
 Summon Forest            Summ/Tloc      1%         N/A       95%         5
 Summon Mana Viper        Hex/Summ       3%         N/A       95%         5
 Storm Form               Tmut/Air       20%        N/A       99%         7
 Summon Cactus Giant      Summ           1%         N/A       100%        6


Dungeon Overview and Level Annotations

Branches:
Dungeon (9/15)             Temple (1/1) D:4            Lair (0/6) D:8
Ossuary (visited)
    Orc: D:9-12

Altars:
Cheibriados
Dithmenos
Elyvilon
Fedhas
Gozag
Hepliaklqana
Kikubaaqudgha
Makhleb
Nemelex Xobeh
Okawaru
Qazlal
Ru
Sif Muna
Trog
Vehumet
Wu Jian
Xom
Yredelemnul
Zin
The Shining One

Shops:
D:3 [*[   D:8 *!


Innate Abilities, Weirdness & Mutations

You have a beak for a mouth.
You have claws for feet.
Your magical nature lets you fly swiftly and evasively.


Message History

The lightning grounds out.
Training target 8.0 for Dodging reached!
Your Dodging skill increases to level 8!
You start resting.
Magic restored.
HP restored.
Found a runed quick blade.
Found a glowing golden altar of the Shining One.
A cyclops and a killer bee come into view.
The cyclops shouts!
You hear a shout! x2; You hear a bellow!
An orc warrior comes into view. It is wielding a +0 scimitar.
The cyclops throws a large rock.
The large rock misses you.
Casting: Static Discharge (safe; 1% risk of failure)
Confirm with . or Enter, or press ? or * to list all spells.
Aiming: Airstrike (safe; 1% risk of failure)
Press: ? - help, Dir - move target, f - orc warrior
Aim: an orc warrior, wielding a +0 scimitar and wearing a +0 plate armour (empty space bonus: 7/8)
The air twists around and strikes the orc warrior!
The orc warrior is heavily wounded.
Casting: Airstrike (safe; 1% risk of failure)
Confirm with . or Enter, or press ? or * to list all spells.
Aiming: Airstrike (safe; 1% risk of failure)
Press: ? - help, Dir - move target, f/p - orc warrior
Aim: an orc warrior, wielding a +0 scimitar and wearing a +0 plate armour (heavily wounded, empty space bonus: 8/8)
The air twists around and strikes the orc warrior!
You kill the orc warrior!
Sif Muna accepts your kill.
Casting: Airstrike (safe; 1% risk of failure)
Confirm with . or Enter, or press ? or * to list all spells.
Aiming: Airstrike (safe; 1% risk of failure)
Press: ? - help, Dir - move target, f - cyclops
Aim: a cyclops, quivering large rocks (empty space bonus: 7/8)
The air twists around and strikes the cyclops!
The cyclops is moderately wounded.
Unknown command.
The cyclops throws a large rock.
The large rock hits you!!!
Ouch! That really hurt!
* * * LOW HITPOINT WARNING * * *
The cyclops throws a large rock.
The large rock hits you!!
You die...

.....#######C........
(....#..#..#.........
.###.....#............
#.....###...########
#....C...# ####..)....##
#..#..).######## .
#.....[)........ #
...###.....@..##### #
...........#..# #
#####.....##..# #
########..# # #..# # #..#
# #..######
#################.........
..........................


You could see a cyclops.

Vanquished Creatures
  A two-headed ogre (D:9)
  3 komodo dragons (D:8)
  A troll (D:9)
  Prince Ribbit (D:7)
  A wraith (D:9)
  Sigmund (D:2)
  2 yaks
  A basilisk (D:8)
  3 steam dragons
  A water moccasin (D:8)
  4 orc warriors
  A sky beast (D:7)
  An ice beast (D:6)
  2 black bears
  2 necrophages (D:8)
  A centaur (D:8)
  3 phantoms
  A bullfrog (D:6)
  14 scorpions
  2 water moccasin zombies
  9 killer bees
  4 wights (D:8)
  4 centaur zombies
  2 bullfrog zombies
  A crimson imp (D:7)
  2 jellies
  4 orc priests
  6 human zombies
  4 hounds
  A centaur skeleton (D:5)
  4 iguanas
  3 scorpion zombies (Ossuary)
  8 orc wizards
  3 killer bee zombies
  Robin (D:2)
  5 mummies
  A howler monkey zombie (D:8)
  6 adders
  3 gnolls (D:4)
  2 shadow imps
  5 white imps
  3 ufetubi
  A worm (D:4)
  3 dart slugs
  20 orcs
  4 endoplasms
  4 giant cockroaches
  9 goblins
  3 hobgoblins
  3 jackals (D:1)
  3 quokkas
  7 ball pythons
  5 bats
  4 frilled lizards
  5 gnoll zombies (Ossuary)
  3 goblin zombies (Ossuary)
  2 kobolds
  2 orc zombies (Ossuary)
  9 rats
  2 butterflies (D:8)
216 creatures vanquished.

Notes
Turn   | Place    | Note
-------+----------+-------------------------------------------
     0 | D:1      | wakim the Tengu Air Elementalist began the quest for the
                  | Orb.
     0 | D:1      | Reached XP level 1. HP: 10/10 MP: 4/4
   249 | D:1      | Reached XP level 2. HP: 8/15 MP: 0/6
   388 | D:1      | Learned a level 2 spell: Static Discharge
  1018 | D:1      | Found a faded altar of an unknown god.
  1087 | D:1      | Noticed a golden eye
  1113 | D:1      | Noticed a great orb of eyes
  1116 | D:1      | Noticed a floating eye
  1116 | D:1      | Noticed a golden eye
  1564 | D:2      | Reached XP level 3. HP: 16/19 MP: 1/7
  1670 | D:2      | Noticed Robin
  1683 | D:2      | Killed Robin
  2081 | D:2      | Reached skill level 5 in Air Magic
  2144 | D:2      | Reached XP level 4. HP: 24/24 MP: 3/8
  2149 | D:2      | Learned a level 4 spell: Airstrike
  2201 | D:2      | Noticed Sigmund
  3149 | D:3      | Found Lysicsec's Armour Shoppe.
  3597 | D:3      | Found Jodaruog's Assorted Antiques.
  3605 | D:3      | Bought a scroll labelled NOSMUE BUUSCH for 31 gold pieces
  3605 | D:3      | Bought a scroll labelled NOSMUE BUUSCH for 31 gold pieces
  3605 | D:3      | Bought a scroll labelled RANIPN ABYE for 31 gold pieces
  3605 | D:3      | Bought a murky blue potion for 27 gold pieces
  3605 | D:3      | Bought a bubbling silvery potion for 27 gold pieces
  3680 | D:3      | Found Zoci's Armour Boutique.
  3990 | D:3      | Gained mutation: Your magical nature lets you fly swiftly
                  | and evasively. [Tengu growth]
  3990 | D:3      | Reached XP level 5. HP: 9/28 MP: 0/10
  4345 | D:4      | Reached skill level 6 in Air Magic
  4350 | D:4      | Found a sand-covered staircase.
  4358 | Ossuary  | Entered an ossuary
  4651 | Ossuary  | Reached XP level 6. HP: 26/32 MP: 6/11
  4747 | Ossuary  | Reached skill level 7 in Air Magic
  4943 | Ossuary  | Reached skill level 8 in Air Magic
  5116 | Ossuary  | Reached XP level 7. HP: 24/36 MP: 7/12
  5365 | Ossuary  | Reached skill level 9 in Air Magic
  5671 | Ossuary  | Reached skill level 10 in Air Magic
  6241 | Ossuary  | Learned a level 3 spell: Swiftness
  6253 | Ossuary  | Reached XP level 8. HP: 41/41 MP: 9/13
  6322 | Ossuary  | Reached skill level 11 in Air Magic
  6655 | Ossuary  | Reached skill level 12 in Air Magic
  6856 | D:4      | Found a staircase to the Ecumenical Temple.
  7107 | Temple   | Entered the Ecumenical Temple
  7565 | D:4      | Found a white marble altar of Elyvilon.
  7734 | D:5      | Entered Level 5 of the Dungeon
  7968 | D:5      | Reached skill level 13 in Air Magic
  8474 | D:5      | Found a stormy altar of Qazlal.
  8475 | D:5      | Noticed a water elemental
  8475 | D:5      | Noticed an air elemental
  9113 | D:5      | Reached skill level 14 in Air Magic
  9113 | D:5      | Reached XP level 9. HP: 36/45 MP: 10/14
  9614 | D:3      | !bestwep
  9758 | D:2      | Killed Sigmund
  9759 | D:2      | Reached skill level 1 in Fighting
 10346 | D:6      | Found a shimmering blue altar of Sif Muna.
 10607 | D:6      | Became a worshipper of Sif Muna the Loreminder
 10651 | D:7      | Reached skill level 1 in Invocations
 10793 | D:7      | Noticed Prince Ribbit
 10806 | D:7      | Killed Prince Ribbit
 10807 | D:7      | Reached skill level 5 in Dodging
 11130 | D:7      | Reached XP level 10. HP: 47/58 MP: 7/15
 11209 | D:7      | Found a hazy altar of Hepliaklqana.
 11260 | D:7      | !bestwep
 11358 | D:7      | Found a burning altar of Makhleb.
 11359 | D:7      | Found a radiant altar of Vehumet.
 11413 | D:8      | Found a shimmering altar of Xom.
 11629 | D:8      | Found Orys's Distillery.
 12003 | D:8      | Found Xovoegef's Serpentskin Sales.
 12007 | D:8      | Reached * piety under Sif Muna
 12127 | D:8      | Reached skill level 5 in Fighting
 12204 | D:8      | Reached skill level 5 in Invocations
 12346 | D:8      | Found a staircase to the Lair.
 12502 | D:8      | Found a basalt altar of Yredelemnul.
 13314 | D:9      | Noticed a two-headed ogre
 13349 | D:9      | Killed a two-headed ogre
 13350 | D:9      | Reached XP level 11. HP: 66/66 MP: 1/16
 13391 | D:9      | Found a shadowy altar of Dithmenos.
 13800 | D:9      | Learned a level 2 spell: Blink
 13983 | D:9      | Found a glowing golden altar of the Shining One.
 13985 | D:9      | Noticed a cyclops
 14010 | D:9      | Hit by a large rock thrown by a cyclops

Illustrated notes

..........#####.######.#.#.......
.......................#.#.##....
#########.#####.########.####....
......# ### ###### #......# #.###
.....## ##....####.....###+#..
....## #.8..8.# ##....#......
...## #......# ##...#...... ..##
##....## ##..#......
.############.##@### ####.###'###
.##8#.8.#8#.##''##.###...####.##.
.+...#.#...#)[)...#.'.###..##.#..
.##8#.8.#8#.##''##.###...#.##.#.≈
.## ##'######.##.### ####.......≈
..####.## ##....## ##..[##.#.≈
...##...# #......# ##.(..##.#..
....##.## #.8..8.# ##........##.
.....### ##....####.....#######


Turn 9614 on D:3: !bestwep ####### ##### ###...... #..@# ##........ ######
#...#######..######. #....###>..#.....#[## ## #.5.[......#.....#.# ######
#....###.###...#.....#.###...#. !(. #..####.....†<...##._... . #
##.#.............##..... #D##.#.###.......######### #..§.#.#.........).#######
Turn 11260 on D:7: !bestwep

Levels and vault maps discovered:
D:1:      dpeg_arrival_boxes_within_box, layout_loops_ring,
          hellmonk_ecumenical_altar_watching_god, minmay_surrounded
D:2:      layout_basic, kennysheep_generic_room_6, uniq_robin, uniq_sigmund
D:3:      layout_basic, serial_shops, shop, nicolae_shop_hallway_stairs,
          nicolae_lakefront_shop, wad_orctagon
D:4:      layout_rooms, elyvilon_altar_3, minmay_temple_entry_statues_pillars,
          nicolae_ossuary_entry_plus, chequers_serial_rivers_micro_d
D:5:      layout_loops_ring, nicolae_qazlal_style_of_elements,
          chequers_serial_rivers_small_b
D:6:      layout_loops_ring, kennysheep_orc_sif_temple
D:7:      layout_basic, grunt_temple_overflow_lords_of_destruction,
          nicolae_hepliaklqana_hippocampus, chequers_serial_rivers_micro_c,
          uniq_prince_ribbit1
D:8:      layout_rooms, xom_butterflies, lemuel_mausoleum_altar_yredelemnul,
          erik_lair_dragon, serial_shops, shop, guppyfry_shop_venom
D:9:      hangedman_cross_cluster, layout_long_grid, mainiacjoe_overflow_paths
Temple:   minmay_temple_curvy_loop

Skill      XL: |  1  2  3  4  5  6  7  8  9 10 11 |
---------------+----------------------------------+-----
Conjurations   | 2 3 4 |  4.0
Air Magic      | 5 6 8 10 14 | 14.0
Spellcasting   | 3 |  3.0
Fighting       | 4 6 7 |  7.1
Stealth        | 4 |  4.0
Dodging        | 5 7 8 |  8.0
Invocations    | 3 6 |  6.2

Action                   |  1- 3 |  4- 6 |  7- 9 | 10-12 || total
-------------------------+-------+-------+-------+-------++-------
Melee: Short sword       |     5 |    20 |    46 |    12 ||    83
       Kick              |     4 |     6 |    23 |     1 ||    34
       Peck              |     1 |       |     9 |     3 ||    13
       Punch             |       |       |       |     1 ||     1
 Cast: Shock             |    57 |    64 |   171 |    58 ||   350
       Static Discharge  |     1 |    15 |    45 |    41 ||   102
       Airstrike         |       |     1 |    24 |    44 ||    69
       Swiftness         |       |       |       |     1 ||     1
Invok: Channel Magic     |       |       |       |     1 ||     1
  Use: Scroll            |     1 |     6 |    13 |     4 ||    24
       Potion            |       |       |     1 |       ||     1
 Stab: Sleeping          |       |       |     2 |       ||     2
Armor: Robe              |     4 |     9 |    15 |     8 ||    36
Dodge: Dodged            |     8 |    44 |    92 |    49 ||   193

Table legend: (Time is in decaauts)
 A = Elapsed time spent in this place.
 B = Non-inter-level travel time spent in this place.
 C = Inter-level travel time spent in this place.
 D = Time resting spent in this place.
 E = Time spent auto-exploring this place.
 F = Levels seen in this place.
 G = Mean time per level.
                   A        B        C        D        E       F      G
               +--------+--------+--------+--------+--------+-----+--------+
         Total |  13592 |  12927 |    665 |   2415 |   8463 |  11 | 1235.6 |
       Dungeon |  10979 |  10320 |    659 |   1528 |   7242 |   9 | 1219.9 |
        Temple |    180 |    174 |      6 |      0 |    155 |   1 |  180.0 |
       Ossuary |   2432 |   2432 |      0 |    886 |   1065 |   1 | 2432.0 |
               +--------+--------+--------+--------+--------+-----+--------+

Top non-repeatable levels by time:
 Ossuary: 2432 daAuts
     D:8: 1916 daAuts
     D:3: 1758 daAuts
     D:1: 1384 daAuts
     D:2: 1293 daAuts
     D:5: 1220 daAuts
     D:4: 1152 daAuts
     D:6: 1048 daAuts
     D:7: 633 daAuts
     D:9: 570 daAuts
  Temple: 180 daAuts
